 Dungeon Crawl Stone Soup version 0.23-a0-582-g1b4a0ca (webtiles) character file.

1985 Lavandula the Cruncher (level 9, -22/45 HPs)
             Began as a Halfling Enchanter on Dec 16, 2018.
             Was an Initiate of Hepliaklqana.
             Annihilated by an orc knight
             ... wielding a cursed -3 battleaxe
              (26 damage)
             ... in a bailey.
             The game lasted 00:22:32 (5583 turns).

Lavandula the Cruncher (Halfling Enchanter)         Turns: 5583, Time: 00:22:33

Health: -22/45     AC:  8    Str:  9    XL:     9   Next: 44%
Magic:  3/11       EV: 15    Int: 16    God:    Hepliaklqana [......]
Gold:   286        SH:  0    Dex: 15    Spells: 3/11 levels left

rFire    . . .     SeeInvis .   z - +4 short sword
rCold    . . .     Gourm    .   (shield restricted)
rNeg     . . .     Faith    +   b - +0 robe
rPois    .         Spirit   .   I - +0 hat
rElec    .         Reflect  .   y - +2 cloak
rCorr    +         Harm     .   G - +2 pair of gloves
MR       +....                  (no boots)
Stlth    ++........             e - amulet of faith
HPRegen  0.15/turn              v - ring of resist corrosion
MPRegen  0.12/turn              H - ring of protection from magic

@: very slow
A: small, reduced essence, mutation resistance 1
a: Recall Ancestor, Ancestor Identity, Renounce Religion


You were in a bailey.
You worshipped Hepliaklqana.
Hepliaklqana was noncommittal.
You were not hungry.

You visited 2 branches of the dungeon, and saw 11 of its levels.
You also visited: Sewer and Bailey.

You collected 286 gold pieces.

Inventory:

Hand Weapons
 a - a +1 dagger
 x - a +4 quarterstaff of chaos
 z - a +4 short sword (weapon)
 A - a +0 blowgun
 D - a +0 hunting sling
Missiles
 i - 22 sling bullets
 n - 32 tomahawks of returning (quivered)
 B - 30 poisoned needles
Armour
 b - a +0 robe (worn)
 y - a +2 cloak (worn)
 G - a +2 pair of gloves (worn)
 I - a +0 hat (worn)
Jewellery
 e - an amulet of faith (around neck)
 v - a ring of resist corrosion (left hand)
 H - a ring of protection from magic (right hand)
Wands
 k - a wand of iceblast (3)
 m - a wand of polymorph (1)
 r - a wand of random effects (7)
 t - a wand of flame (9)
Scrolls
 f - a scroll of immolation
 o - 2 scrolls of fear
 p - 3 scrolls of teleportation
 q - 4 scrolls of remove curse {unknown}
 s - 2 scrolls of random uselessness {unknown}
 E - 2 scrolls of magic mapping {unknown}
Potions
 c - a potion of degeneration {unknown}
 g - a potion of might {unknown}
 h - a potion of magic {unknown}
 j - a potion of ambrosia {unknown}
 l - a potion of cancellation {unknown}
 u - a potion of agility {unknown}
 w - 2 potions of flight
 C - 2 potions of heal wounds
 F - a potion of lignification {unknown}
Comestibles
 d - 7 rations


   Skills:
 - Level 0.2 Fighting
 - Level 7.0 Short Blades
 + Level 8.5 Staves
 - Level 2.1 Dodging
 - Level 3.2 Stealth
 - Level 1.5 Spellcasting
 - Level 2.4 Hexes


You had 3 spell levels left.
You knew the following spells:

 Your Spells              Type           Power        Failure   Level  Hunger
a - Corona                Hex            #......      9%          1    ##.....
b - Ensorcelled Hibernat  Hex/Ice        #.....       21%         2    ###....
c - Dazzling Spray        Conj/Hex       #.....       36%         3    ####...
d - Animate Skeleton      Necr           N/A          22%         1    ##.....
g - Apportation           Tloc           #.....       22%         1    ##.....

Your spell library contained the following spells:

 Spells                   Type           Power        Failure   Level  Hunger
 Confusing Touch          Hex            #.....       9%          1    ##.....
 Sandblast                Erth           #.....       22%         1    ##.....
 Summon Small Mammal      Summ           #...         22%         1    ##.....
 Confuse                  Hex            #.......     24%         3    ####...
 Tukima's Dance           Hex            #.......     24%         3    ####...
 Passwall                 Tmut/Erth      #.......     32%         2    ###....
 Stone Arrow              Conj/Erth      #.....       54%         3    ####...
 Petrify                  Tmut/Erth      #.......     91%         4    #####..
 Lee's Rapid Deconstruct  Erth           #.........   99%         5    ######.


Dungeon Overview and Level Annotations

Branches:
Dungeon (10/15)            Temple (1/1) D:7
   Lair: D:8-11         Orc: D:9-12

Altars:
Ashenzari
Cheibriados
Dithmenos
Fedhas
Gozag
Hepliaklqana
Kikubaaqudgha
Makhleb
Nemelex Xobeh
Okawaru
Qazlal
Ru
Sif Muna
Trog
Uskayaw
Wu Jian
Yredelemnul
Zin
The Shining One

Shops:
D:8 =


Innate Abilities, Weirdness & Mutations

You are small and have problems with some larger weapons.
You are somewhat resistant to further mutation.
Your life essence is reduced to manifest your ancestor. (-10% HP)


Message History

The orc knight is heavily wounded.
The orc knight misses you.
You strike the helpless orc knight from behind!
You puncture the orc knight!
The orc knight is severely wounded.
You hit the orc knight but do no damage.
The orc knight is severely wounded.
The orc knight hits you with a cursed -3 battleaxe!
You closely miss the orc knight.
The orc knight is severely wounded.
You hit the orc knight.
The orc knight is severely wounded.
The orc knight is no longer blind.
The orc knight hits you with a cursed -3 battleaxe!
* * * LOW HITPOINT WARNING * * *
Evoke which item? (* to show all) (? for menu, Esc to quit)
Okay, then.
The orc knight hits you with a cursed -3 battleaxe!!
Ouch! That really hurt!
You die...

#....≈.≈....#
#'###≈.≈###'#
#^...≈)≈....#
#'###≈.≈###'#
#....≈.≈....#
#'###≈.≈###'#
#..÷.≈.≈÷..^#
#'###≈o≈###'#
#..÷.≈@≈÷...#
#'###≈.≈###'#
#....≈.≈.÷..#
#'###≈.≈###'#
#∩..÷≈.≈÷..∩#
######'######
##.∩.##
#8...8#
##.∩.##


You could see an orc knight.

Vanquished Creatures
  A hippogriff (D:7)
  Menkaure (D:7)
  A water moccasin (D:6)
  A necrophage (D:8)
  A sky beast (D:5)
  A centaur (D:6)
  A big kobold (Sewer)
  2 bullfrogs
  3 scorpions
  A crimson imp (Temple)
  A hound (D:9)
  2 jellies
  An orc priest (D:3)
  A bullfrog skeleton (D:8)
  An iguana (D:8)
  Jessica (D:3)
  Crazy Yiuf (D:3)
  Terence (D:2)
  2 worker ants
  An orc wizard (D:3)
  A mummy (D:5)
  2 worker ant zombies
  5 adders
  3 river rats
  A shadow imp (D:7)
  An ooze (D:3)
  An adder skeleton (D:5)
  3 leopard geckos
  8 orcs
  A ball python (D:3)
  2 bats (D:1)
  7 giant cockroaches
  6 goblins
  4 hobgoblins
  2 jackals (Sewer)
  16 kobolds
  2 quokkas
  4 frilled lizards
  A hobgoblin zombie (D:5)
  2 kobold zombies (D:5)
  An orc zombie (D:5)
  12 rats
110 creatures vanquished.

Vanquished Creatures (collateral kills)
  A hippogriff (D:7)
  A water moccasin (D:9)
  2 sky beasts
  A leopard gecko (D:7)
  2 hobgoblins (Bailey)
  7 kobolds (Bailey)
14 creatures vanquished.

Vanquished Creatures (others)
  Natasha (twice) (D:3)
  2 ancestors
  A leopard gecko (D:3)
  2 frilled lizards (D:3)
7 creatures vanquished.

Grand Total: 131 creatures vanquished

Notes
Turn   | Place    | Note
-------+----------+-------------------------------------------
     0 | D:1      | Lavandula the Halfling Enchanter began the quest for the
                  | Orb.
     0 | D:1      | Reached XP level 1. HP: 11/11 MP: 3/3
   342 | D:1      | Reached XP level 2. HP: 9/17 MP: 4/4
   346 | D:1      | Learned a level 2 spell: Ensorcelled Hibernation
  1049 | D:2      | Reached XP level 3. HP: 16/21 MP: 3/5
  1112 | D:3      | Noticed Terence
  1144 | D:2      | Killed Terence
  1144 | D:2      | Reached XP level 4. HP: 14/27 MP: 1/6
  1164 | D:2      | Learned a level 3 spell: Dazzling Spray
  1174 | D:3      | Found an ornate altar of the Wu Jian Council.
  1236 | D:3      | Found a sacrificial altar of Ru.
  1395 | D:3      | Found a runed door.
  1395 | D:3      | Killed Natasha
  1399 | D:3      | Noticed Crazy Yiuf
  1403 | D:3      | Killed Crazy Yiuf
  1403 | D:3      | Reached skill level 5 in Short Blades
  1452 | D:3      | Reached XP level 5. HP: 27/31 MP: 7/7
  1504 | D:3      | Found a glowing drain.
  1549 | Sewer    | Entered a sewer
  1563 | Sewer    | Reached skill level 1 in Staves
  1653 | Sewer    | Noticed a big kobold
  1693 | Sewer    | Killed a big kobold
  1693 | Sewer    | Reached skill level 2 in Staves
  1693 | Sewer    | Reached XP level 6. HP: 14/36 MP: 8/8
  1791 | Sewer    | Found a glowing silver altar of Zin.
  1946 | D:3      | Noticed Jessica
  1966 | D:3      | Killed Jessica
  1966 | D:3      | Reached skill level 3 in Staves
  2134 | D:3      | Killed Natasha
  2249 | D:4      | Reached XP level 7. HP: 41/41 MP: 9/9
  2318 | D:5      | Entered Level 5 of the Dungeon
  2334 | D:5      | Learned a level 1 spell: Animate Skeleton
  2336 | D:5      | Learned a level 1 spell: Apportation
  2350 | D:5      | Reached skill level 4 in Staves
  2563 | D:6      | Noticed a water moccasin
  2576 | D:6      | Killed a water moccasin
  2576 | D:6      | Reached skill level 5 in Staves
  2981 | D:7      | Noticed Menkaure
  2988 | D:7      | Killed Menkaure
  2988 | D:7      | Reached skill level 6 in Staves
  2988 | D:7      | Reached XP level 8. HP: 23/46 MP: 10/10
  3038 | D:7      | Noticed a hippogriff
  3318 | D:7      | Found a staircase to the Ecumenical Temple.
  3345 | Temple   | Entered the Ecumenical Temple
  3440 | Temple   | Became a worshipper of Cheibriados the Contemplative
  3561 | D:8      | Was placed under penance by Cheibriados
  3562 | D:8      | Fell from the grace of Cheibriados
  3576 | D:8      | Found Ystuolev's Jewellery Shop.
  3937 | Temple   | Became a worshipper of Hepliaklqana the Forgotten
  3989 | D:7      | Killed a hippogriff
  4296 | D:7      | Noticed a hippogriff
  4311 | D:7      | Killed a hippogriff
  4311 | D:7      | Reached skill level 7 in Staves
  4311 | D:7      | Reached XP level 9. HP: 4/45 MP: 11/11
  4314 | D:7      | Found a glowing silver altar of Zin.
  4768 | D:8      | Reached skill level 8 in Staves
  5034 | D:10     | Entered Level 10 of the Dungeon
  5034 | D:10     | Reached * piety under Hepliaklqana
  5080 | D:10     | Found a flagged portal.
  5090 | Bailey   | Entered a bailey
  5560 | Bailey   | Noticed an orc knight
  5583 | Bailey   | Annihilated by an orc knight

Vault maps used:
D:1:      dpeg_arrival_renting
D:2:      serial_forest, infiniplex_forest_clump_long,
          infiniplex_forest_straight_1, infiniplex_forest_lined_room_2,
          infiniplex_forest_zigzag_1, infiniplex_forest_clump_C,
          infiniplex_forest_pool, infiniplex_forest_end_1,
          infiniplex_forest_corner_1, first_ration, minmay_heptomino_d4
D:3:      minmay_roachtagon, lemuel_crystal_altar, nicolae_ru_awakened_eye,
          nicolae_overflow_hidden_temple, gup_sewer_entry_glass,
          lemuel_old_faithful, uniq_jessica, uniq_natasha, uniq_terence,
          uniq_crazy_yiuf_cottage
D:5:      minmay_mini_ossuary
D:7:      zin_statuary, minmay_temple_entry_purple_smoke, uniq_menkaure
D:8:      elyvilon_altar_5, serial_shops, shop, hangedman_ranch
D:9:      kennysheep_little_box, david_lair_generic, orc_0_dummy, uniq_pikel
D:10:     enter_bailey_2, uniq_urug
Temple:   kb_temple_of_zot
Sewer:    sewer_kobolds
Bailey:   bailey_axe_1, bailey

Skill      XL: |  1  2  3  4  5  6  7  8  9 |
---------------+----------------------------+-----
Short Blades   | 2 3 4 5 7 |  7.0
Staves         | 2 3 6 7 8 |  8.5
Fighting       | |  0.2
Dodging        | |  2.1
Stealth        | |  3.2
Spellcasting   | |  1.5
Hexes          | |  2.4

Action                   |  1- 3 |  4- 6 |  7- 9 || total
-------------------------+-------+-------+-------++-------
Melee: Dagger            |    81 |    32 |       ||   113
       Quarterstaff      |       |    85 |   178 ||   263
       Short sword       |       |     1 |     7 ||     8
 Fire: Blowgun           |       |       |    27 ||    27
 Cast: Corona            |    14 |     3 |       ||    17
       Ensorcelled Hiber |     3 |    11 |     2 ||    16
       Dazzling Spray    |       |       |     4 ||     4
       Apportation       |       |       |    25 ||    25
Evoke: Wand              |       |     3 |     4 ||     7
  Use: Potion            |       |     2 |     6 ||     8
       Scroll            |       |       |     7 ||     7
 Stab: Sleeping          |     7 |     9 |     7 ||    23
       Petrified         |       |       |     2 ||     2
       Confused          |       |       |     1 ||     1
       Petrifying        |       |       |     1 ||     1
       Invisible         |       |       |     1 ||     1
  Eat: Chunk             |     1 |     5 |     6 ||    12
       Ration            |       |       |     2 ||     2
Armor: Robe              |     5 |    23 |    64 ||    92
Dodge: Dodged            |    37 |    83 |   174 ||   294

Table legend:
 A = Non-vault XP
 B = Vault XP
 C = Vault XP percentage of total XP
 D = Non-vault monster count
 E = Vault monster count
 F = Vault count percentage of total count
                 A         B        C        D         E       F
            +---------+---------+-------+---------+---------+-------
      Total |    2324 |     512 |  18.1 |      79 |      45 |  36.3
            +---------+---------+-------+---------+---------+-------
        D:1 |      26 |       0 |   0.0 |      17 |       0 |   0.0
        D:2 |       9 |      38 |  80.9 |       6 |       2 |  25.0
        D:3 |     160 |     117 |  42.2 |      19 |       7 |  26.9
        D:4 |      38 |       0 |   0.0 |       3 |       0 |   0.0
        D:5 |     137 |      22 |  13.8 |       3 |       5 |  62.5
        D:6 |     269 |       0 |   0.0 |       5 |       0 |   0.0
        D:7 |     896 |     172 |  16.1 |      13 |       1 |   7.1
        D:8 |     390 |       0 |   0.0 |       7 |       0 |   0.0
        D:9 |     351 |       0 |   0.0 |       5 |       0 |   0.0
     Temple |      48 |       0 |   0.0 |       1 |       0 |   0.0
      Sewer |       0 |     136 | 100.0 |       0 |      11 | 100.0
     Bailey |       0 |      27 | 100.0 |       0 |      19 | 100.0
            +---------+---------+-------+---------+---------+-------
